 Dungeon Crawl Stone Soup version 0.29-a0-1016-g236c7fd91e (webtiles) character file.

Game seed: 12201531611378604377

2 drpainis the Sneak (level 1, 0/9 HPs)
             Began as a Spriggan Enchanter on Aug 9, 2022.
             Slain by a giant cockroach (1 damage)
             ... on level 1 of the Dungeon.
             The game lasted 00:00:24 (235 turns).

drpainis the Sneak (Spriggan Enchanter)              Turns: 235, Time: 00:00:24

Health: 0/9        AC:  2    Str:  4    XL:     1   Next: 33%
Magic:  5/5        EV: 17    Int: 16    God:
Gold:   0          SH:  0    Dex: 15    Spells: 5/5 levels left

rFire   . . .      SeeInvis +   a - +1 dagger
rCold   . . .      Faith    .   (no shield)
rNeg    + . .      Spirit   .   b - +0 robe
rPois   .          Reflect  .   (helmet restricted)
rElec   .          Harm     .   (no cloak)
rCorr   .          Rampage  .   (gloves unavailable)
Will    .....                   (boots unavailable)
Stlth   +++.......              (no amulet)
HPRegen 0.03/turn               e - ring of positive energy
MPRegen 0.09/turn               (no ring)

@: very quick
A: very small, no large weapons, unfitting armour, see invisible, speed 3
a: no special abilities


You were on level 1 of the Dungeon.
You visited 1 branch of the dungeon, and saw 1 of its levels.

Inventory:

Hand Weapons
 a - a +1 dagger (weapon)
Armour
 b - a +0 robe (worn)
Jewellery
 e - a ring of positive energy (left hand)
Scrolls
 f - a scroll of torment {unknown}
Potions
 c - 2 potions of invisibility
 d - a potion of mutation {unknown}


   Skills:
 + Level 1.1 Short Blades
 + Level 2.6 Dodging
 + Level 4.6 Stealth
 + Level 2.6 Spellcasting
 + Level 3.7 Hexes


You had 5 spell levels left.
You didn't know any spells.
Your spell library contained the following spells:

 Spells                   Type           Power      Damage    Failure   Level
 Confusing Touch          Hex            14%        N/A       12%         3
 Tukima's Dance           Hex            14%        N/A       12%         3
 Ensorcelled Hibernation  Hex/Ice        16%        N/A       14%         2
 Dazzling Flash           Conj/Hex       16%        N/A       26%         3


Dungeon Overview and Level Annotations

Branches:
Dungeon (1/15)

Altars:


Innate Abilities, Weirdness & Mutations

You are very small and have problems with some larger weapons.
You are too small for most types of armour.
You have supernaturally acute eyesight. (SInv)
You cover ground extremely quickly. (Speed+++)


Message History

Found a stone staircase leading down.
A rat comes into view.
A rat is nearby!
A rat is nearby!
A rat is nearby!
You hit the rat.
You kill the rat!
You see here a rat corpse.
A kobold comes into view. It is wielding a +0 short sword.
A kobold is nearby!
A kobold is nearby!
A kobold is nearby!
You see here a scroll labelled HEGUOL OCUI.
A giant cockroach comes into view.
The kobold shouts!
You hear a shout!
You hit the kobold.
The kobold is moderately wounded.
The kobold barely misses you.
You closely miss the kobold.
The kobold is moderately wounded.
The kobold hits you with a +0 short sword.
The giant cockroach barely misses you.
You barely miss the kobold.
The kobold is moderately wounded.
The giant cockroach bites you. The kobold completely misses you.
You see here a scroll labelled HEGUOL OCUI.
The kobold throws a stone.
The stone hits you but does no damage.
You hit the giant cockroach but do no damage.
The giant cockroach bites you.
* * * LOW HITPOINT WARNING * * *
A hobgoblin comes into view.
You closely miss the giant cockroach.
The giant cockroach completely misses you.
You closely miss the giant cockroach. The giant cockroach bites you.
* * * LOW HITPOINT WARNING * * *
The kobold misses you.
You hit the kobold but do no damage.
The kobold is moderately wounded.
The giant cockroach bites you.
You die...

######..........>......
..................#####
#................#
##.#..†......###..
#.#..>####..# ###
########.#...# #..#####
.....!...##..# #.......
.#####$..##..# ##......
.......@.##... #..####
..####KB###.... ...# #
#..# #... # #.g# # #..#
# #.....# # .......# #
####.....# #....##


You could see a giant cockroach, a hobgoblin and a kobold.

Vanquished Creatures
  A frilled lizard (D:1)
  2 kobolds (D:1)
  A rat (D:1)
4 creatures vanquished.

Notes
Turn   | Place    | Note
-------+----------+-------------------------------------------
     0 | D:1      | drpainis the Spriggan Enchanter began the quest for the
                  | Orb.
     0 | D:1      | Reached XP level 1. HP: 9/9 MP: 5/5
   235 | D:1      | Slain by a giant cockroach

Illustrated notes

Levels and vault maps discovered:
D:1:      lightli_arrival_farm, layout_loops_ring,
          shapermc_ecumenical_altar_pompeii, serial_shops, shop_fountains,
          nicolae_shop_stone

Action                   || total
-------------------------++-------
Melee: Dagger            ||    14
 Stab: Sleeping          ||     1
Armor: Robe              ||     1
Dodge: Dodged            ||    10

Table legend: (Time is in decaauts)
 A = Elapsed time spent in this place.
 B = Non-inter-level travel time spent in this place.
 C = Inter-level travel time spent in this place.
 D = Time resting spent in this place.
 E = Time spent auto-exploring this place.
 F = Levels seen in this place.
 G = Mean time per level.
                   A        B        C        D        E       F      G
               +--------+--------+--------+--------+--------+-----+--------+
         Total |    200 |    200 |      0 |     51 |    104 |   1 |  200.0 |
       Dungeon |    200 |    200 |      0 |     51 |    104 |   1 |  200.0 |
               +--------+--------+--------+--------+--------+-----+--------+

Top non-repeatable levels by time:
     D:1: 200 daAuts
